 Dungeon Crawl Stone Soup version 0.20.1-1-g8b1a95d (webtiles) character file.

865 equalderp2856 the Chopper (level 7, -2/61 HPs)
             Began as a Minotaur Fighter on Sept 26, 2017.
             Slain by Menkaure (19 damage)
             ... on level 6 of the Dungeon.
             The game lasted 00:04:39 (3245 turns).

equalderp2856 the Chopper (Minotaur Fighter)        Turns: 3245, Time: 00:04:40

Health: -2/61      AC:  9    Str: 21    XL:     7   Next: 72%
Magic:  6/6        EV:  9    Int:  5    God:
Gold:   288        SH: 10    Dex: 11    Spells: 6/6 levels left

rFire    . . .     SeeInvis .   a - +0 war axe
rCold    . . .     Gourm    .   c - +0 shield
rNeg     . . .     Faith    .   b - +0 scale mail
rPois    .         Spirit   .   (helmet restricted)
rElec    .         Reflect  .   (no cloak)
rCorr    .         Harm     .   v - +1 pair of gloves
MR       .....                  (no boots)
Stlth    ..........             (no amulet)
Regen    0.2/turn               (no ring)
MPRegen  0.1/turn               (no ring)

@: no status effects
A: retaliatory headbutt, horns 2
a: no special abilities


You were on level 6 of the Dungeon.
You were not hungry.

You visited 1 branch of the dungeon, and saw 6 of its levels.

You collected 288 gold pieces.

Inventory:

Hand Weapons
 a - a +0 war axe (weapon)
Armour
 b - a +0 scale mail (worn)
 c - a +0 shield (worn)
 t - a +2 buckler
 v - a +1 pair of gloves (worn)
Jewellery
 m - an uncursed ring of stealth {unknown}
 s - an uncursed ring of stealth {unknown}
Scrolls
 g - 7 scrolls of identify {unknown}
 h - 4 scrolls of random uselessness {unknown}
 i - 3 scrolls of blinking {unknown}
 j - 3 scrolls of immolation {unknown}
 k - 5 scrolls of teleportation {unknown}
 p - a scroll of noise {unknown}
 r - a scroll of fear {unknown}
 u - a scroll of enchant weapon {unknown}
 w - a scroll of enchant armour {unknown}
 B - a scroll of amnesia {unknown}
 C - 4 scrolls of remove curse {unknown}
Potions
 d - a potion of might
 e - a potion of flight {unknown}
 n - 3 potions of mutation {unknown}
 o - a potion of ambrosia {unknown}
 q - 2 potions of cancellation {unknown}
 x - 2 potions of curing {unknown}
 z - 3 potions of resistance {unknown}
 A - a potion of degeneration {unknown}
 D - a potion of haste {unknown}
 E - a potion of agility {unknown}
 G - a potion of heal wounds {unknown}
Books
 y - a book of Misfortune

   Spells                             Type                      Level
   a - Confusing Touch                Hexes                        1
   b - Confuse                        Hexes                        3
   c - Gell's Gravitas                Translocation                3
   d - Petrify                        Transmutation/Earth          4
   e - Metabolic Englaciation         Hexes/Ice                    5
   f - Yara's Violent Unravelling     Hexes/Transmutation          5
Comestibles
 f - 5 bread rations
 l - 3 meat rations


   Skills:
 + Level 5.1 Fighting
 + Level 6.5 Axes
 + Level 6.0 Armour
 + Level 3.0 Dodging
 + Level 1.1 Stealth
 + Level 5.6 Shields


You had 6 spell levels left.
You didn't know any spells.

Dungeon Overview and Level Annotations

Branches:
Dungeon (6/15)
 Temple: D:4-7

Altars:
Dithmenos
Okawaru
Zin

Shops:
D:5 }%

Annotations:
D:6 Menkaure


Innate Abilities, Weirdness & Mutations

You reflexively headbutt those who attack you in melee.
You have a pair of horns on your head.


Message History

Menkaure is heavily damaged.
You block Menkaure's attack.
You barely miss Menkaure.
You headbutt Menkaure, but do no damage.
Menkaure is heavily damaged.
Menkaure misses you. Menkaure hits you but does no damage.
Your shield prevents you from hitting Menkaure.
Your headbutt misses Menkaure.
Menkaure is heavily damaged.
Menkaure hits you!
* * * LOW HITPOINT WARNING * * *
You are too injured to fight recklessly!
You are too injured to fight recklessly!
You are too injured to fight recklessly!
You are too injured to fight recklessly!
You aren't carrying any items that you can evoke.
You hit Menkaure.
Menkaure is heavily damaged.
Menkaure hits you!!
You die...

###### #....# #....#
#########....#
#......##....# ####
#......##....# #...
#...M@.##....######.##
+......''............>
#......##....###.##.#.
#......##....# #....#.
#......##....# #..###
#......##.(..# #..#
#......##....# #..#
############## #...
#.##


You could see Menkaure.

Vanquished Creatures
  An ice beast (D:5)
  2 phantoms (D:5)
  A scorpion (D:5)
  A howler monkey (D:4)
  A crimson imp (D:5)
  A centaur skeleton (D:4)
  2 hounds (D:5)
  A jelly (D:6)
  3 orc wizards
  4 worker ants (D:5)
  A hound zombie (D:6)
  A hound skeleton (D:5)
  6 adders
  An ooze (D:4)
  3 worms
  2 dart slugs
  6 leopard geckos
  12 orcs
  3 ball pythons
  5 giant cockroaches
  6 goblins
  3 hobgoblins
  3 jackals (D:2)
  3 quokkas
  7 bats
  3 frilled lizards
  2 kobolds
  2 leopard gecko skeletons (D:4)
  A quokka skeleton (D:4)
  9 rats
96 creatures vanquished.

Notes
Turn   | Place    | Note
-------+----------+-------------------------------------------
     0 | D:1      | equalderp2856 the Minotaur Fighter began the quest for the Orb.
     0 | D:1      | Reached XP level 1. HP: 19/19 MP: 0/0
   226 | D:1      | Reached XP level 2. HP: 25/27 MP: 1/1
   304 | D:1      | You fall through a shaft!
   490 | D:2      | Reached skill level 1 in Dodging
   494 | D:2      | Reached XP level 3. HP: 21/33 MP: 2/2
   740 | D:2      | Found a faded altar of an unknown god.
   966 | D:3      | Found a shadowy altar of Dithmenos.
  1034 | D:3      | Reached XP level 4. HP: 40/40 MP: 3/3
  1566 | D:4      | Reached XP level 5. HP: 45/46 MP: 4/4
  1780 | D:4      | Reached skill level 5 in Armour
  2112 | D:4      | Reached skill level 5 in Shields
  2306 | D:4      | Noticed an ogre
  2376 | D:5      | Entered Level 5 of the Dungeon
  2376 | D:5      | Noticed a phantom
  2394 | D:5      | Killed a phantom
  2394 | D:5      | Reached XP level 6. HP: 22/53 MP: 5/5
  2396 | D:5      | Reached skill level 5 in Axes
  2607 | D:5      | Reached skill level 1 in Stealth
  2648 | D:5      | Reached XP level 7. HP: 53/60 MP: 6/6
  2695 | D:5      | Found an iron altar of Okawaru.
  2764 | D:5      | Found Musuc's Food Shoppe.
  2809 | D:5      | Reached skill level 5 in Fighting
  2856 | D:5      | Found Zeixus's Gadget Shop.
  3078 | D:5      | Found a glowing silver altar of Zin.
  3237 | D:6      | Noticed Menkaure
  3245 | D:6      | Slain by Menkaure

Skill      XL: |  1  2  3  4  5  6  7 |
---------------+----------------------+-----
Armour         | 4 5 6 |  6.0
Shields        | 4 5 |  5.6
Dodging        | 1 2 3 |  3.0
Axes           | 3 4 5 6 |  6.5
Fighting       | 4 5 |  5.1
Stealth        | 1 |  1.1

Action                   |  1- 3 |  4- 6 |  7- 9 || total
-------------------------+-------+-------+-------++-------
Melee: War axe           |   110 |   115 |    58 ||   283
       Headbutt          |    14 |    14 |    11 ||    39
  Eat: Chunk             |       |     6 |     2 ||     8
Armor: Scale mail        |    58 |    38 |    15 ||   111
Dodge: Dodged            |    45 |    38 |    19 ||   102
Block: Shield            |    67 |    51 |    26 ||   144
